Map: King's Cove LE

Players

DIDIDIDIDIDI - Winner!

  • Race: Terran Terran
  • League: Master
  • Spawn Location: 11:00

Mez

  • Race: Terran Terran
  • League: Master
  • Spawn Location: 5:00

VOD

Have the link to the VOD?

Description

Time

  • Played on: Aug. 12, 2019, 8:59 a.m.
  • Length: 9:46
Show
View Real Time Build Order
Export as new Build Order

DIDIDIDIDIDI Terran - Winner!

Build Orders: Liberator Opening 

Get SALT Encoding   

  12  0:00  SCV  
  13  0:12  SCV  
  14  0:18  Supply Depot  
  14  0:25  SCV  
  15  0:31  Refinery  
  15  0:39  SCV  
  16  0:45  Barracks  
  16  0:51  SCV  
  16  0:56  Refinery  
  17  1:03  SCV  
  18  1:16  SCV  
  19  1:31  Orbital Command  
  20  1:32  Reaper  
  20  1:37  Factory  
  20  1:46  Supply Depot  
  20  1:57  SCV  
  21  2:04  Reaper  
  22  2:09  SCV  
  23  2:21  SCV  
  24  2:25  Hellion  
  24  2:29  Command Center  
  25  2:34  SCV  
  25  2:37  Reaper  
  27  2:46  Hellion  
  27  2:48  Starport  
  29  2:53  SCV  
  30  2:58  Supply Depot  
  30  3:09  Liberator  
  30  3:12  SCV  
  30  3:14  Barracks Reactor, Factory Tech Lab  
  30  3:25  SCV  
  34  3:35  Cyclone  
  37  3:48  SCV  
  37  3:50  Orbital Command  
  37  3:51  Marine x2  
  40  4:09  Marine  
  41  4:15  Marine  
  41  4:16  Starport Tech Lab  
  41  4:17  Siege Tank, SCV  
  42  4:23  SCV  
  44  4:27  Marine  
  44  4:29  SCV  
  46  4:33  Marine  
  46  4:35  SCV  
  46  4:37  Raven  
  50  4:39  Command Center  
  50  4:47  SCV x2  
  50  4:50  Refinery  
  50  4:52  Engineering Bay  
  50  4:59  SCV  
  51  5:07  Barracks  
  51  5:09  Barracks  
  48  5:14  SCV  
  48  5:17  SCV  
  48  5:18  Terran Infantry Weapons Level 1  
  48  5:19  Barracks  
  48  5:20  Barracks  
  51  5:26  SCV  
  51  5:29  SCV  
  51  5:35  Supply Depot x2  
  52  5:38  SCV  
  52  5:41  SCV  
  52  5:42  Stimpack  
  54  5:50  Marine, Medivac  
  57  6:02  Engineering Bay  
  57  6:03  Barracks Reactor x2  
  57  6:07  SCV x2  
  57  6:09  Barracks Reactor x2  
  57  6:10  Marine  
  60  6:17  Orbital Command  
  60  6:19  SCV x2  
  60  6:25  Siege Tank  
  65  6:27  Marine  
  65  6:31  SCV  
  67  6:42  Marine  
  67  6:43  Marine x2  
  67  6:44  Marine  
  67  6:45  Marine x2  
  73  6:49  Marine x2  
  73  6:50  Marine  
  73  6:51  Medivac  
  78  6:56  Supply Depot  
  78  6:57  Siege Tank, Supply Depot  
  78  7:00  Marine x2  
  78  7:01  Marine  
  84  7:05  Marine  
  85  7:21  Orbital Command  
  78  7:27  Marine x2  
  78  7:28  Marine x4  
  78  7:29  Marine  
  77  7:33  Siege Tank, Medivac  
  77  7:34  Medivac  
  84  7:42  Refinery  
  84  7:43  SCV, Combat Shield  
  85  7:45  SCV  
  85  7:46  SCV  
  85  7:49  Marine  
  85  7:50  Marine x8  
  96  7:55  SCV  
  96  7:57  SCV  
  98  7:59  SCV  
  98  8:00  Armory  
  99  8:07  SCV, Marine  
  99  8:10  Supply Depot  
  101  8:22  Supply Depot  
  101  8:25  Supply Depot  
  101  8:29  Supply Depot x2  
  101  8:31  Marine x6  
  101  8:32  SCV x2  
  109  8:43  SCV, Marine x3, Supply Depot  
  109  8:44  SCV x2  
  109  8:46  Supply Depot  
  115  8:49  Marine x2  
  115  8:51  Marine x2  
  119  8:55  SCV  
  119  8:56  SCV x2  
  119  8:59  Marine x2  
  119  9:01  Marine  
  125  9:04  Barracks  
  125  9:09  Barracks x2  
  125  9:10  SCV  
  126  9:17  Marine  
  126  9:18  Marine  
  126  9:20  Marine  
  126  9:21  Marine  
  134  9:44  Supply Depot  
Show
View Real Time Build Order
Export as new Build Order

Mez Terran 

Build Orders: Reaper Expand 

Get SALT Encoding   

  12  0:01  SCV  
  13  0:13  SCV  
  14  0:19  Supply Depot  
  14  0:25  SCV  
  15  0:40  SCV  
  16  0:43  Barracks  
  16  0:48  Refinery  
  16  0:53  SCV  
  17  1:05  SCV  
  18  1:17  SCV  
  19  1:31  Reaper, Orbital Command  
  20  1:44  Command Center  
  20  1:51  Supply Depot  
  20  1:58  SCV  
  21  2:03  Marine  
  22  2:10  SCV  
  23  2:15  Factory  
  23  2:20  Refinery  
  23  2:28  Barracks Reactor  
  23  2:32  SCV  
  25  2:44  SCV  
  25  2:56  SCV  
  26  3:00  Starport  
  26  3:06  Marine x2  
  26  3:08  Hellion  
  26  3:11  SCV  
  26  3:12  Orbital Command  
  30  3:23  Refinery  
  30  3:24  Marine x2  
  30  3:26  SCV  
  33  3:29  Factory Tech Lab  
  33  3:38  SCV  
  34  3:48  SCV  
  34  3:50  SCV  
  34  3:55  Marine x2  
  38  3:57  Factory Tech Lab  
  38  4:00  Raven  
  38  4:01  SCV  
  41  4:05  SCV  
  41  4:13  SCV  
  42  4:17  SCV  
  42  4:19  Siege Tank  
  42  4:20  Marine  
  42  4:23  Supply Depot  
  46  4:27  Supply Depot  
  46  4:44  SCV x2, Marine  
  47  4:45  Raven  
  47  4:49  Marine  
  48  4:53  Supply Depot  
  48  4:55  Supply Depot  
  48  4:56  SCV  
  44  5:05  SCV  
  45  5:08  Siege Tank, SCV, Marine x2  
  51  5:21  Supply Depot  
  51  5:25  SCV x2, Command Center  
  53  5:33  Raven  
  53  5:34  Marine  
  53  5:35  Marine  
  57  5:37  SCV x2  
  59  5:43  Siege Tank  
  59  5:49  SCV x2, Supply Depot  
  64  5:53  Marine x2  
  66  6:00  Barracks  
  66  6:01  Barracks  
  66  6:03  SCV x2  
  68  6:09  Engineering Bay  
  68  6:13  Refinery  
  68  6:14  Supply Depot  
  68  6:15  SCV x2  
  70  6:26  Viking x2  
  70  6:27  Stimpack, SCV x2  
  70  6:28  Marine  
  77  6:39  SCV  
  78  6:45  Siege Tank  
  78  6:46  Marine  
  82  6:47  SCV  
  82  6:48  Barracks Reactor, Terran Infantry Weapons Level 1  
  82  6:49  Barracks Reactor  
  82  6:51  SCV  
  84  6:58  Viking x2  
  84  6:59  SCV  
  89  7:03  Marine  
  90  7:21  Marine  
  81  7:25  Marine x4  
  81  7:26  Siege Tank  
  81  7:28  Viking x2, SCV x2  
  81  7:29  Orbital Command  
  83  7:34  Supply Depot  
  83  7:37  Armory  
  83  7:39  Marine  
  83  7:40  Engineering Bay  
  83  7:43  Marine x3  
  87  7:46  SCV x2  
  89  7:52  Marine  
  89  7:57  SCV, Marine  
  89  7:58  SCV x2  
  94  7:59  Medivac x2  
  94  8:01  Marine  
  94  8:03  Siege Tank  
  102  8:09  SCV  
  102  8:10  SCV x2  
  105  8:14  Supply Depot  
  105  8:17  Marine x4, Supply Depot  
  105  8:19  Marine  
  110  8:21  SCV  
  110  8:22  SCV x2  
  113  8:33  SCV  
  114  8:34  SCV x2, Marine  
  114  8:35  Marine  
  114  8:38  Siege Tank  
  114  8:39  Marine x3  
  124  8:45  Barracks, Supply Depot x2  
  124  8:46  SCV  
  124  8:47  Barracks  
  126  8:49  Refinery  
  126  8:51  Refinery  
  125  9:00  Marine  
  125  9:01  Marine x4  
  132  9:18  Marine x2  
  132  9:19  Marine x2  
  132  9:21  Marine  
  137  9:24  SCV  
  137  9:25  SCV x2  
  137  9:27  Factory  
Tags
 
Add a new tag
Caveats
  • Supply blocks, unpowered buildings, or Contaminate may cause inaccurate times.
  • Supply counts are checked every 10 seconds.